AoeStats
← Maty

Arabia

505125539Analyzed
1v1 RM · 24d ago on Sep 7, 2026· 27m 37s· 2 players
Game mode
Random Map
Map size
Tiny (2 player)
Population
200
Speed
Normal
Resources
Standard
Victory
Conquest
Starting age
Dark Age
Ending age
Imperial Age
RankedLock teamsTeams togetherTeam positionsShared explorationLock speedFull tech treeHidden civsTurbo modeCheats
Victory
Defeat
🇪🇨 Chinese · Ecuador
1880
+12
🇦🇺 Vikings · Australia
1782
-12
TDI
0:47 Loom
11:20 Feudal Age
11:37 Man-at-Arms
14:51 Double-Bit Axe
16:05 Fletching
17:20 Padded Archer Armor
17:29 Town Watch
22:43 Castle Age
20:58 Horse Collar
22:46 Elite Skirmisher
23:48 Leather Archer Armor
25:55 Bow Saw
Maty
0:26 Loom
10:28 Feudal Age
11:03 Double-Bit Axe
15:43 Fletching
16:59 Padded Archer Armor
20:22 Castle Age
19:09 Gold Mining
19:58 Bloodlines
20:35 Horse Collar
21:00 Bodkin Arrow
21:46 Husbandry
23:11 Elite Skirmisher
26:53 Wheelbarrow
Connection lost

Rejoining the realm…

Still unreachable

The connection could not be restored.

Session expired

The server has moved on; the page needs a fresh start.